 Dungeon Crawl Stone Soup version 0.28.0-53-g5a82cb258f (webtiles) character file.

Game seed: 2831685203971880440

78 Sin92 the Skirmisher (level 4, -1/35 HPs)
             Began as a Demonspawn Fighter on July 5, 2022.
             Killed by divine providence
             ... invoked by an orc priest
              (12 damage)
             ... on level 2 of the Dungeon.
             The game lasted 00:02:20 (1435 turns).

Sin92 the Skirmisher (Demonspawn Fighter)           Turns: 1435, Time: 00:02:20

Health: -1/35      AC:  6    Str: 19    XL:     4   Next: 15%
Magic:  4/4        EV:  9    Int:  9    God:
Gold:   26         SH:  4    Dex: 12    Spells: 3/3 levels left

rFire   . . .      SeeInvis .   a - +0 flail
rCold   . . .      Faith    .   c - +0 buckler
rNeg    . . .      Spirit   .   b - +0 scale mail
rPois   .          Reflect  .   (no helmet)
rElec   .          Harm     .   (no cloak)
rCorr   .          Rampage  .   (no gloves)
Will    .....                   (no boots)
Stlth   ..........              (no amulet)
HPRegen 0.91/turn               (no ring)
MPRegen 0.18/turn               (no ring)

@: mighty
A: hooves 1, magic regeneration, regeneration 1
a: no special abilities


You were on level 2 of the Dungeon.
You visited 1 branch of the dungeon, and saw 2 of its levels.

You collected 26 gold pieces.

Inventory:

Hand Weapons
 a - a +0 flail (weapon)
Armour
 b - a +0 scale mail (worn)
 c - a +0 buckler (worn)
Scrolls
 e - a scroll of vulnerability {unknown}
 g - a scroll of blinking {unknown}
 k - a scroll of teleportation {unknown}
Potions
 j - a potion of curing {unknown}


   Skills:
 + Level 3.4 Fighting
 * Level 2.9 Maces & Flails
 + Level 3.1 Armour
 + Level 3.1 Shields


You had 3 spell levels left.
You didn't know any spells.
Your spell library contained the following spells:

 Spells                   Type           Power      Damage    Failure   Level
 Cause Fear               Hex            0%         N/A       100%        4
 Dragon Form              Tmut           0%         N/A       100%        7
 Dragon's Call            Summ           0%         N/A       100%        9


Dungeon Overview and Level Annotations

Branches:
Dungeon (2/15)

Altars:


Innate Abilities, Weirdness & Mutations

You have large cloven feet.
You regenerate magic rapidly.
Your natural rate of healing is unusually fast.


Message History

It was a potion of ambrosia.
You are confused.
You feel invigorated. The orc hits you with a +0 flail.
* * * LOW HITPOINT WARNING * * *
It was a potion of mutation.
You feel extremely strange.
You begin to heal more quickly.
The orc hits you with a +0 flail.
You bump into the stone wall.
The orc barely misses you.
You miss the orc. The orc hits you with a +0 flail.
You bump into the rock wall.
The orc hits you with a +0 flail.
You bump into the stone wall.
The orc barely misses you.
You closely miss the orc. The orc hits you with a +0 flail.
The orc hits you with a +0 flail!
You bump into the stone wall.
You feel less invigorated.
You feel less confused. The orc hits you with a +0 flail.
You sock the orc!
You kill the orc!
You feel very mighty all of a sudden. You block the orc's attack.
You hit the orc. You kick the orc.
You kill the orc!
You closely miss the orc. Your kick misses the orc. You block the orc's attack.
You bludgeon the orc!!
You kill the orc!
You block the adder's attack.
The orc priest invokes the aid of Beogh against you.
Beogh smites you!
* * * LOW HITPOINT WARNING * * *
You sock the adder! Your kick misses the adder.
The adder is almost dead.
The adder bites you.
* * * LOW HITPOINT WARNING * * *
The adder completely misses you.
You miss the adder.
The adder is almost dead.
The adder closely misses you.
The orc priest mumbles some strange prayers to Beogh against you.
Beogh smites you!
You die...

.....#........###....(.##
........≈...≈.. #..##.†).
............... #........
.............o#......#.
.S....o....$#...####.
#oro...≈..##...# #.
#..o.....###...####.
#r#########.........
#oS@........######..
########............
...............##..
#######.####....... #.#
#..†.... #.# #...#### #.#
#....... #.# #....... #.#
#.......


You could see an orc priest, an adder and a quokka.

Vanquished Creatures
  4 gnolls (D:2)
  An adder (D:2)
  2 worms (D:2)
  3 orcs (D:2)
  3 ball pythons
  A giant cockroach (D:1)
  A goblin (D:2)
  2 hobgoblins (D:2)
  2 jackals (D:1)
  A kobold (D:2)
  A bat (D:1)
  A rat (D:1)
22 creatures vanquished.

Notes
Turn   | Place    | Note
-------+----------+-------------------------------------------
     0 | D:1      | Sin92 the Demonspawn Fighter began the quest for the Orb.
     0 | D:1      | Reached XP level 1. HP: 18/18 MP: 1/1
   491 | D:2      | Gained mutation: You have large cloven feet. [demonic
                  | ancestry]
   491 | D:2      | Reached XP level 2. HP: 24/24 MP: 2/2
   632 | D:2      | Reached XP level 3. HP: 21/29 MP: 3/3
  1277 | D:2      | Gained mutation: You regenerate magic rapidly. [demonic
                  | ancestry]
  1277 | D:2      | Reached XP level 4. HP: 35/35 MP: 4/4
  1422 | D:2      | Gained mutation: Your natural rate of healing is unusually
                  | fast. [potion of mutation]
  1435 | D:2      | Killed from afar by an orc priest

Illustrated notes

Levels and vault maps discovered:
D:1:      wander_arrival_estate, layout_loops_ring
D:2:      cheibrodos_pilgrimage, layout_basic,
          shapermc_ecumenical_altar_mp_urbaneastern, nicolae_elevator_lobby_plus

Skill      XL: |  1  2  3 |
---------------+----------+-----
Maces & Flails | 2 |  2.9
Shields        | 3 |  3.1
Armour         | 3 |  3.1
Fighting       | |  3.4

Action                   |  1- 3 |  4- 6 || total
-------------------------+-------+-------++-------
Melee: Flail             |    51 |    20 ||    71
       Kick              |     6 |     4 ||    10
  Use: Potion            |       |     4 ||     4
Armor: Scale mail        |    18 |     2 ||    20
Dodge: Dodged            |    17 |    16 ||    33
Block: Buckler           |     8 |     6 ||    14
